 Dungeon Crawl Stone Soup version 0.23-a0-386-g9c9d49f623 (webtiles) character file.

83545 Notair the Bludgeoner (level 15, 0/143 HPs)
             Began as a Minotaur Gladiator on Oct 28, 2018.
             Was a High Priest of Okawaru.
             Slain by a spectral six-headed hydra (5 damage)
             ... called from beyond by a ghost crab
             ... on level 3 of the Swamp on Oct 29, 2018.
             The game lasted 02:30:40 (30477 turns).

Notair the Bludgeoner (Minotaur Gladiator)         Turns: 30477, Time: 02:30:41

Health: 0/143      AC: 23    Str: 18    XL:     15   Next: 32%
Magic:  17/20      EV: 16    Int: 10    God:    Okawaru [*****.]
Gold:   1916       SH:  6    Dex: 14    Spells: 14/14 levels left

rFire    + . .     SeeInvis .   a - +0 eveningstar
rCold    + . .     Gourm    .   (no shield)
rNeg     . . .     Faith    .   s - +0 plate armour
rPois    +         Spirit   .   c - +1 hat
rElec    .         Reflect  +   Z - scarf {rC+ rF+}
rCorr    .         Harm     .   D - +2 pair of gloves {archery}
MR       +....                  (no boots)
Stlth    ..........             b - +6 amulet of reflection
HPRegen  0.33/turn              M - ring of poison resistance
MPRegen  0.17/turn              Y - +3 ring of evasion

@: lethally poisoned (0 -> -2), about to teleport, heroism, finesse
A: retaliatory headbutt, horns 2
a: Heroism, Finesse, Renounce Religion


You were on level 3 of the Swamp.
You worshipped Okawaru.
Okawaru was extremely pleased with you.
You were very hungry.

You visited 4 branches of the dungeon, and saw 24 of its levels.
You also visited: Ossuary.

You collected 2056 gold pieces.
You spent 140 gold pieces at shops.

Inventory:

Hand Weapons
 a - a +0 eveningstar (weapon)
 d - a +0 hunting sling of venom
 f - the +9 heavy crossbow "Sniper" {velocity, Acc+∞ SInv}
   (You found it on level 6 of the Lair of Beasts)

   Any bolt fired from it inflicts extra damage.
   It lets you see invisible.
Missiles
 g - 100 sling bullets
 h - 2 throwing nets (quivered)
 r - 103 bolts
Armour
 c - a +1 hat (worn)
 s - a +0 plate armour (worn)
 D - a +2 pair of gloves of archery (worn)
 T - a +2 cloak
 V - a +1 pair of boots of stealth
 Z - a scarf of resistance (worn)
Jewellery
 b - a +6 amulet of reflection (around neck)
 w - an uncursed amulet of regeneration
 J - an uncursed ring of magical power
 M - a ring of poison resistance (left hand)
 Q - an uncursed ring of see invisible
 S - an uncursed ring of resist corrosion
 Y - a +3 ring of evasion (right hand)
Wands
 o - a wand of iceblast (32)
 t - a wand of enslavement (8)
 E - a wand of flame (66)
 I - a wand of clouds (1)
 K - a wand of disintegration (38)
 N - a wand of scattershot (4)
 U - a wand of paralysis (19)
 X - a wand of acid (19)
Scrolls
 i - 9 scrolls of teleportation
 n - 2 scrolls of vulnerability
 q - a scroll of brand weapon
 u - 4 scrolls of fog
 y - a scroll of silence
 C - 3 scrolls of enchant weapon
 F - a scroll of magic mapping
 G - a scroll of fear
 L - 8 scrolls of remove curse
 O - 5 scrolls of enchant armour
Potions
 e - 3 potions of lignification
 j - 3 potions of berserk rage
 k - 9 potions of curing
 l - 6 potions of magic
 m - 4 potions of brilliance
 v - 3 potions of flight
 x - 3 potions of resistance
 z - 6 potions of heal wounds
 A - 4 potions of invisibility
 B - a potion of agility
 H - 4 potions of haste
 P - a potion of cancellation
 R - a potion of ambrosia
 W - 2 potions of mutation
Comestibles
 p - 37 rations


   Skills:
 + Level 15.7(20.7) Fighting
 - Level 20.0(25.0) Maces & Flails
 - Level 2.0(7.0) Throwing
 + Level 13.6(18.6) Armour
 + Level 9.3(14.3) Dodging
 - Level 8.0 Invocations


You had 14 spell levels left.
You didn't know any spells.
Your spell library contained the following spells:

 Spells                   Type           Power        Failure   Level  Hunger
 Animate Skeleton         Necr           N/A          98%         1    ##.....
 Magic Dart               Conj           #...         98%         1    ##.....
 Pain                     Necr           #...         98%         1    ##.....
 Blink                    Tloc           N/A          99%         2    ###....
 Call Imp                 Summ           #.......     99%         2    ###....
 Slow                     Hex            #.......     99%         2    ###....
 Conjure Flame            Conj/Fire      #.......     100%        3    ####...
 Mephitic Cloud           Conj/Pois/Air  #.......     100%        3    ####...
 Regeneration             Chrm/Necr      #.........   100%        3    ####...
 Vampiric Draining        Necr           #.........   100%        3    ####...
 Animate Dead             Necr           N/A          100%        4    #####..
 Bolt of Fire             Conj/Fire      #.........   100%        6    #######
 Hydra Form               Tmut           #.........   100%        6    #######
 Invisibility             Hex            #.......     100%        6    #######
 Ozocubu's Refrigeration  Ice            #.........   100%        6    #######
 Shadow Creatures         Summ           N/A          100%        6    #######
 Statue Form              Tmut/Erth      #........    100%        6    #######


Dungeon Overview and Level Annotations

Branches:
Dungeon (14/15)            Temple (1/1) D:6            Lair (6/6) D:9
  Swamp (3/4) Lair:2       Spider (0/4) Lair:3        Slime (0/5) Lair:5
    Orc (0/2) D:10
 Vaults: D:13-14

Altars:
Ashenzari
Cheibriados
Dithmenos
Elyvilon
Fedhas
Gozag
Hepliaklqana
Kikubaaqudgha
Makhleb
Nemelex Xobeh
Okawaru
Qazlal
Ru
Sif Muna
Trog
Uskayaw
Vehumet
Wu Jian
Xom
Yredelemnul
Zin
The Shining One
Beogh

Shops:
D:6 *   D:9 *

Annotations:
D:5 exclusion: downstairs


Innate Abilities, Weirdness & Mutations

You reflexively headbutt those who attack you in melee.
You have a pair of horns on your head.


Message History

The ghost crab breathes spectral mist at you.
The spectral mist engulfs you!
The spectral alligator bites you but does no damage.
The spectral alligator misses you.
The spectral six-headed hydra barely misses you.
You block the spectral six-headed hydra's attack.
The spectral six-headed hydra bites you but does no damage. x2
The spectral six-headed hydra barely misses you.
The spectral six-headed hydra bites you but does no damage.
As you read the scroll of teleportation, it crumbles to dust.
You feel strangely unstable.
You are engulfed in spectral mist.
* * * LOW HITPOINT WARNING * * *
You feel sick. The spectral alligator bites you.
* * * LOW HITPOINT WARNING * * *
The spectral alligator tail-slaps you but does no damage.
The spectral swamp drake bites you.
* * * LOW HITPOINT WARNING * * *
The spectral six-headed hydra misses you.
The spectral six-headed hydra bites you.
You die...

♣♣...... ♣♣♣♣♣♣♣♣♣♣≈≈≈.≈..
♣♣♣....≈≈≈.♣...≈≈.. ♣.≈
♣≈...≈≈≈≈≈≈.§...≈.. ♣≈≈
♣.≈≈≈.≈≈≈≈..♣♣♣.§≈≈ ≈≈≈≈
♣§§§§§Z....♣..≈≈≈.♣ ..≈..
♣♣§§§§§§.≈.♣♣.≈≈≈≈≈. .....♣
♣§Z§§♣♣≈..≈≈≈.....≈≈
.....≈♣♣§Z@§♣♣♣♣≈♣.......≈≈
.§.≈≈Z§t§♣♣Z≈§.....≈≈≈≈..§.
≈≈§≈≈§§§♣♣.≈≈≈§§§...≈≈≈≈≈≈.
≈≈(((≈§♣♣♣.≈≈≈≈≈≈≈≈.≈≈≈.≈.≈
(....♣♣ ♣≈...≈≈≈≈≈≈.....♣♣
..≈≈≈ ♣♣♣♣♣.≈≈≈§..♣♣♣♣♣
..%≈ ♣♣...♣♣♣♣♣ ...
♣♣♣....≈♣ ... ♣≈≈≈..♣♣


You could see a ghost crab, a spectral tyrant leech, 2 spectral alligators, a
spectral six-headed hydra and a spectral swamp drake.

Vanquished Creatures
  A tentacled monstrosity (Swamp:1)
  Kirke (Swamp:1)
  The ghost of Yfotsa the Impaler, an adept FoFi of Gozag (Swamp:1)
  A thorn hunter (Swamp:2)
  A dire elephant (Lair:6)
  Josephine (Lair:6)
  Erolcha (D:10)
  3 catoblepae (Lair:6)
  A ghost crab (Swamp:1)
  A shambling mangrove (Swamp:3)
  12 hydras
  6 two-headed ogres
  The ghost of Azzok the Arsonist, a journeyman OpFE of Vehumet (D:10)
  8 alligators
  3 death yaks (Lair:6)
  Urug (Lair:4)
  Sonja (Lair:6)
  An unseen horror (D:13)
  A lindwurm (Lair:6)
  Pikel (D:6)
  A necromancer (Lair:2)
  4 oklob plants (Lair:3)
  An ugly thing (D:13)
  3 cyclopes
  3 manticores
  6 elephants
  Joseph (Lair:1)
  4 black mambas
  9 spiny frogs
  An ice statue (Lair:6)
  The ghost of gothhamster the Spear-Bearer, a novice MfGl (D:6)
  2 rime drakes (Lair:6)
  A gargoyle (D:12)
  2 kobold demonologists
  A torpor snail (Lair:4)
  A freezing wraith (Lair:6)
  4 komodo dragons
  A troll (D:9)
  3 tyrant leeches (Swamp:1)
  5 polar bears
  5 blink frogs (Lair:4)
  A wind drake (shapeshifter) (D:14)
  7 hornets
  A meliai zombie (D:13)
  6 dream sheep (Lair:6)
  Prince Ribbit (D:7)
  13 slime creatures
  3 bog bodies
  9 hippogriffs
  22 yaks
  A shadow (Swamp:2)
  6 wraiths
  3 hogs (Swamp:1)
  2 wyverns
  Eustachio (D:4)
  3 hungry ghosts
  Grum (D:9)
  2 steam dragons
  7 basilisks
  3 vampire mosquitoes (Lair:2)
  An acid dragon (D:12)
  7 insubstantial wisps
  11 swamp worms
  7 porcupines
  11 water moccasins
  2 swamp drakes (Swamp:1)
  6 orc warriors
  2 black bears
  A phantom (D:8)
  A sky beast (D:10)
  An eye of draining (D:9)
  12 ice beasts
  2 slaves (D:6)
  A necrophage (D:13)
  9 ogres
  9 centaurs
  21 wolves
  17 crocodiles
  13 bullfrogs
  4 big kobolds
  2 gnoll sergeants (D:8)
  A wyvern skeleton (D:9)
  5 scorpions
  4 howler monkeys
  8 wights (D:11)
  3 electric eels
  7 crimson imps
  A bullfrog zombie (D:7)
  5 centaur zombies
  2 quasits
  12 hounds
  3 human zombies (Ossuary)
  5 jellies
  8 orc priests
  3 bullfrog skeletons
  15 orc wizards
  A centaur skeleton (D:10)
  Jessica (D:2)
  3 gnoll shamans (D:8)
  An iguana (D:12)
  6 worker ants
  5 polar bear simulacra (Lair:2)
  3 yak simulacra (Lair:2)
  2 wolf simulacra (Lair:2)
  A big kobold zombie (Ossuary)
  2 hound skeletons
  3 mummies
  A worker ant zombie (D:7)
  15 adders
  10 gnolls
  5 shadow imps
  A white imp (Lair:6)
  An ooze (D:4)
  An adder zombie (Ossuary)
  3 worms
  2 dart slugs
  9 leopard geckos
  45 orcs
  8 bats
  3 giant cockroaches
  11 goblins
  11 hobgoblins
  15 jackals
  3 quokkas
  4 frilled lizards
  3 goblin zombies
  11 hobgoblin zombies (Ossuary)
  2 jackal skeletons
  2 jackal zombies (Ossuary)
  29 kobolds
  10 kobold zombies (Ossuary)
  A leopard gecko zombie (D:5)
  6 orc zombies
  9 rats
  2 rat zombies (Ossuary)
  A river rat simulacrum (Lair:2)
  4 plants (Lair:3)
676 creatures vanquished.

Vanquished Creatures (others)
  A freezing wraith (D:13)
  An ogre (D:13)
  An orc (D:10)
  4 fungi
  8 plants
15 creatures vanquished.

Grand Total: 691 creatures vanquished

Notes
Turn   | Place    | Note
-------+----------+-------------------------------------------
     0 | D:1      | Notair the Minotaur Gladiator began the quest for the Orb.
     0 | D:1      | Reached XP level 1. HP: 18/18 MP: 0/0
   133 | D:1      | Reached skill level 4 in Maces & Flails
   168 | D:1      | Reached XP level 2. HP: 23/25 MP: 1/1
   646 | D:2      | Reached XP level 3. HP: 31/31 MP: 2/2
   735 | D:2      | Noticed Jessica
   771 | D:2      | Killed Jessica
   881 | D:2      | Reached skill level 5 in Maces & Flails
   881 | D:2      | Reached XP level 4. HP: 36/38 MP: 3/3
  1788 | D:3      | Reached XP level 5. HP: 45/46 MP: 4/4
  2111 | D:3      | Reached skill level 6 in Maces & Flails
  2552 | D:3      | Found a sparkling altar of Nemelex Xobeh.
  2620 | D:3      | Found a sacrificial altar of Ru.
  2887 | D:4      | Found a sand-covered staircase.
  2895 | D:4      | Reached XP level 6. HP: 20/52 MP: 5/5
  2904 | Ossuary  | Entered an ossuary
  3703 | Ossuary  | Reached skill level 7 in Maces & Flails
  3703 | Ossuary  | Reached skill level 5 in Dodging
  4291 | D:4      | Upgraded the game from 0.23-a0-385-gb2d581486a to
                  | 0.23-a0-386-g9c9d49f623
  4327 | D:4      | Reached skill level 5 in Fighting
  4327 | D:4      | Reached XP level 7. HP: 41/61 MP: 6/6
  4525 | D:4      | Found a radiant altar of Vehumet.
  4637 | D:4      | Noticed Eustachio
  4689 | D:4      | Killed Eustachio
  4689 | D:4      | Reached skill level 8 in Maces & Flails
  4950 | D:5      | Entered Level 5 of the Dungeon
  5032 | D:5      | Found a blossoming altar of Fedhas.
  5347 | D:5      | Noticed a hippogriff
  5357 | D:5      | Killed a hippogriff
  5357 | D:5      | Reached XP level 8. HP: 55/70 MP: 7/7
  5363 | D:5      | Reached skill level 9 in Maces & Flails
  5853 | D:6      | Found a runed door.
  5861 | D:6      | Noticed gothhamster's ghost (novice MfGl)
  6097 | D:6      | Noticed a seven-headed hydra
  6165 | D:6      | Identified the +1 leather armour of Niatyguc {rN+}
  6441 | D:6      | Noticed Pikel
  6451 | D:6      | Killed Pikel
  6451 | D:6      | Reached skill level 10 in Maces & Flails
  6487 | D:6      | Found Gyuxub's General Store.
  6491 | D:6      | Bought a potion of haste for 100 gold pieces
  6491 | D:6      | Bought a scroll of identify for 20 gold pieces
  6491 | D:6      | Bought a scroll of identify for 20 gold pieces
  6558 | D:6      | Killed a seven-headed hydra
  6558 | D:6      | Reached skill level 11 in Maces & Flails
  6558 | D:6      | Reached XP level 9. HP: 81/81 MP: 8/8
  6585 | D:6      | Found a staircase to the Ecumenical Temple.
  6594 | Temple   | Entered the Ecumenical Temple
  6647 | Temple   | Became a worshipper of Warmaster Okawaru
  6836 | D:6      | Killed gothhamster's ghost
  6914 | D:7      | Reached * piety under Okawaru
  7014 | D:7      | Reached skill level 12 in Maces & Flails
  7232 | D:7      | Noticed Prince Ribbit
  7241 | D:7      | Killed Prince Ribbit
  7241 | D:7      | Reached ** piety under Okawaru
  7241 | D:7      | Reached XP level 10. HP: 91/91 MP: 9/9
  7268 | D:7      | Reached skill level 1 in Armour
  7500 | D:7      | Found a basalt altar of Yredelemnul.
  7632 | D:8      | Found a sparkling altar of Nemelex Xobeh.
  7632 | D:8      | Noticed a two-headed ogre
  7741 | D:7      | Killed a two-headed ogre
  7909 | D:8      | Reached skill level 13 in Maces & Flails
  8126 | D:8      | Reached *** piety under Okawaru
  8207 | D:8      | Found a stormy altar of Qazlal.
  9021 | D:9      | Reached skill level 10 in Fighting
  9153 | D:9      | Found a staircase to the Lair.
  9153 | D:9      | Noticed an elephant
  9175 | D:8      | Killed an elephant
  9175 | D:8      | Reached **** piety under Okawaru
  9491 | D:9      | Reached skill level 14 in Maces & Flails
  9491 | D:9      | Reached skill level 5 in Armour
  9501 | D:9      | Noticed Grum
  9511 | D:9      | Reached XP level 11. HP: 81/100 MP: 7/10
  9529 | D:9      | Killed Grum
  9538 | D:9      | Received a gift from Okawaru
  9609 | D:9      | Found Zin's Purification Station.
  9614 | D:9      | Found a glowing silver altar of Zin.
  9773 | D:9      | Found a radiant altar of Vehumet.
  9773 | D:9      | Found a blossoming altar of Fedhas.
  9800 | D:9      | Found a sparkling altar of Nemelex Xobeh.
  9800 | D:9      | Found an ornate altar of the Wu Jian Council.
  9801 | D:9      | Found a deep blue altar of Sif Muna.
 10055 | D:10     | Entered Level 10 of the Dungeon
 10134 | D:10     | Noticed Azzok's ghost (journeyman OpFE)
 10137 | D:10     | Found a runed door.
 10305 | D:10     | Noticed a two-headed ogre
 10381 | D:10     | Killed a two-headed ogre
 10509 | D:10     | Noticed Erolcha
 10551 | D:10     | Killed Erolcha
 10562 | D:10     | Reached ***** piety under Okawaru
 10566 | D:10     | Paralysed by an orc for 4 turns
 10654 | D:10     | Found a staircase to the Orcish Mines.
 10695 | D:10     | Found a roughly hewn altar of Beogh.
 10814 | D:10     | Received a gift from Okawaru
 11060 | D:10     | Killed Azzok's ghost
 11060 | D:10     | Reached skill level 15 in Maces & Flails
 11250 | D:11     | Noticed a two-headed ogre
 11259 | D:11     | Killed a two-headed ogre
 11522 | D:11     | Received a gift from Okawaru
 12305 | D:12     | Found a hide-covered altar of Uskayaw.
 12305 | D:12     | Noticed a two-headed ogre
 12324 | D:12     | Killed a two-headed ogre
 12924 | D:12     | Reached XP level 12. HP: 111/111 MP: 11/11
 12997 | D:12     | Noticed a two-headed ogre
 13009 | D:12     | Killed a two-headed ogre
 13009 | D:12     | Reached skill level 16 in Maces & Flails
 14452 | D:13     | Paralysed by a hornet for 1 turns
 15288 | D:13     | Received a gift from Okawaru
 15666 | D:13     | Reached skill level 17 in Maces & Flails
 15696 | D:13     | Noticed a seven-headed hydra
 15703 | D:13     | Killed a seven-headed hydra
 15740 | D:13     | Noticed a two-headed ogre
 15745 | D:13     | Killed a two-headed ogre
 15978 | D:14     | Noticed a centaur warrior
 15983 | D:14     | Paralysed by a centaur for 5 turns
 15988 | D:14     | Noticed a death knight
 16376 | Lair:1   | Entered Level 1 of the Lair of Beasts
 16964 | Lair:1   | Reached skill level 10 in Armour
 17025 | Lair:1   | Noticed Joseph
 17043 | Lair:1   | Killed Joseph
 17043 | Lair:1   | Reached skill level 1 in Invocations
 17216 | Lair:1   | Found a stormy altar of Qazlal.
 17314 | Lair:1   | Reached ****** piety under Okawaru
 17315 | Lair:1   | Reached XP level 13. HP: 111/122 MP: 11/13
 17357 | Lair:1   | Received a gift from Okawaru
 18010 | Lair:2   | Found a staircase to the Swamp.
 18908 | Lair:3   | Reached skill level 18 in Maces & Flails
 19220 | Lair:3   | Found a hole to the Spider Nest.
 19690 | Lair:3   | You fall through a shaft!
 21125 | Lair:4   | Received a gift from Okawaru
 21484 | Lair:4   | Noticed Urug
 21537 | Lair:4   | Killed Urug
 23011 | Lair:5   | Found a staircase to the Slime Pits.
 23252 | Lair:6   | Entered Level 6 of the Lair of Beasts
 23252 | Lair:6   | Noticed Sonja
 23257 | Lair:6   | Killed Sonja
 23257 | Lair:6   | Received a gift from Okawaru
 23257 | Lair:6   | Reached skill level 5 in Invocations
 23260 | Lair:6   | Got an encrusted hunting sling {god gift}
 23276 | Lair:6   | Identified the +7 hunting sling of Eseriuxke {speed,
                  | Fragile MR+ Int+2 Dex+3} (Okawaru gifted it to you on level
                  | 6 of the Lair of Beasts)
 23342 | Lair:6   | Reached XP level 14. HP: 122/132 MP: 16/16
 23602 | Lair:6   | Reached skill level 19 in Maces & Flails
 23877 | Lair:6   | Noticed Josephine
 23908 | Lair:6   | Killed Josephine
 24182 | Lair:6   | Identified Sophisticated Rites and Rhymes
 24444 | Lair:6   | Received a gift from Okawaru
 25957 | Lair:6   | Found the +9 heavy crossbow "Sniper" {velocity, Acc+∞ SInv}
 26381 | Swamp:1  | Entered Level 1 of the Swamp
 26432 | Swamp:1  | Found a large runed door.
 26433 | Swamp:1  | Found a large runed door.
 26441 | Swamp:1  | Noticed Yfotsa's ghost (adept FoFi)
 26492 | Swamp:1  | Killed Yfotsa's ghost
 26492 | Swamp:1  | Received a gift from Okawaru
 26853 | Swamp:1  | Noticed a tentacled monstrosity
 26871 | Swamp:1  | Killed a tentacled monstrosity
 26878 | Swamp:1  | Reached skill level 20 in Maces & Flails
 27294 | Swamp:1  | Reached skill level 15 in Fighting
 27606 | Swamp:1  | Noticed Kirke
 27847 | Swamp:1  | Noticed a sphinx
 27853 | Swamp:1  | Killed Kirke
 27969 | Swamp:1  | Reached XP level 15. HP: 99/141 MP: 19/19
 28989 | Swamp:2  | Noticed a thorn hunter
 29003 | Swamp:2  | Killed a thorn hunter
 30452 | Swamp:3  | Received a gift from Okawaru
 30477 | Swamp:3  | HP: 6/143 [spectral alligator[a ghost crab] (6)]
 30477 | Swamp:3  | Slain by a spectral six-headed hydra

Vault maps used:
D:1:      co_arrival_square_in_a_square_in_a_square
D:2:      first_ration, uniq_jessica
D:3:      kennysheep_flooded_box, nicolae_ru_path_of_blood
D:4:      nicolae_ossuary_entry_giza, hex_large, vehumet_altar_wand_db,
          uniq_eustachio
D:5:      fedhas_ov_isle_minmay
D:6:      temple_green, serial_shops, shop, ebering_ghost_reflecting_pool,
          uniq_pikel
D:7:      kennysheep_mini, uniq_prince_ribbit1
D:8:      kennysheep_housing_project, grunt_qazlal_sundering, basic_altar,
          grunt_ogre_cave
D:9:      chequers_temple_overflow_statue_of_worship, zin_purify,
          gammafunk_temple_overflow_wave, david_lair_generic, uniq_grum
D:10:     minmay_orc_entry_temple_small, hellmonk_ghost_happy_afterlife,
          uniq_erolcha
D:11:     enter_bailey_8
D:12:     basic_altar, minmay_lizard_king
D:14:     erik_vaults_2, hex_tiny
Temple:   dshaligram_water_room_temple
Lair:1:   basic_altar, beast_lair_carwin_10, serial_bayou_shore_a, uniq_joseph
Lair:2:   minmay_swamp_entry_swarm, nicolae_quartered_pool_little,
          eino_house_with_fridge
Lair:3:   dummy_spider_entry, infiniplex_staircase_pool_2, lemuel_fruit_fields,
          minmay_lair_oklob_chamber, serial_bayou_shore_b, grunt_megastairs_3
Lair:4:   uniq_urug
Lair:5:   minmay_slime_entry_pillars, minmay_hedge_maze, grunt_megastairs_4,
          infiniplex_staircase_pool
Lair:6:   hangedman_lair_in_review, ice2_lemuel, lemuel_fruit_tree, uniq_sonja,
          uniq_josephine
Swamp:1:  ebering_ghost_disaster_area, nicolae_swamp_trees_clearing, uniq_kirke
Swamp:2:  evilmike_swamp_ruin_house_2
Swamp:3:  evilmike_swamp_ruin_house_4, swamp_pool1
Ossuary:  ossuary_tomb_1

Skill      XL: |  1  2  3  4  5  6  7  8  9 10 11 12 13 14 15 |
---------------+----------------------------------------------+-----
Maces & Flails | 4 5 6 7 8 11 12 14 15 17 18 20 | 20.0
Fighting       | 3 4 5 6 7 9 10 11 13 14 15 | 15.7
Dodging        | 4 5 6 7 8 9 |  9.3
Armour         | 5 7 10 11 12 13 | 13.6
Invocations    | 1 5 7 8 |  8.0
Throwing       | |  2.0

Action                   |  1- 3 |  4- 6 |  7- 9 | 10-12 | 13-15 || total
-------------------------+-------+-------+-------+-------+-------++-------
Melee: Flail             |    34 |   222 |   101 |       |       ||   357
       Headbutt          |     5 |    41 |    46 |   219 |   261 ||   572
       Whip              |       |       |    89 |  1008 |   387 ||  1484
       Eveningstar       |       |       |       |       |   697 ||   697
       Punch             |       |       |       |       |     4 ||     4
 Fire: Hunting sling     |       |    48 |    90 |   157 |   151 ||   446
       Heavy crossbow    |       |       |       |       |    19 ||    19
Throw: Stone             |    17 |    30 |       |       |       ||    47
       Throwing net      |     4 |     1 |       |       |     1 ||     6
Invok: Heroism           |       |       |       |     6 |    16 ||    22
       Finesse           |       |       |       |       |     4 ||     4
Evoke: Wand              |       |       |     7 |     5 |    22 ||    34
  Use: Scroll            |       |     5 |     8 |     4 |    18 ||    35
       Potion            |       |       |       |     4 |     3 ||     7
 Stab: Invisible         |       |       |       |     3 |       ||     3
       Paralysed         |       |       |       |       |     2 ||     2
       Petrified         |       |       |       |       |     7 ||     7
  Eat: Chunk             |       |     7 |     9 |    35 |    31 ||    82
       Ration            |       |     1 |       |     1 |     3 ||     5
Armor: Leather armour    |    14 |    12 |       |       |       ||    26
       Scale mail        |       |    56 |    61 |     6 |       ||   123
       Chain mail        |       |       |       |   253 |       ||   253
       Plate armour      |       |       |       |     6 |   491 ||   497
Dodge: Dodged            |    19 |   108 |   115 |   362 |   514 ||  1118
Block: Other             |       |       |       |    76 |   236 ||   312
       Reflection        |       |       |       |     7 |     2 ||     9

Table legend:
 A = Non-vault XP
 B = Vault XP
 C = Vault XP percentage of total XP
 D = Non-vault monster count
 E = Vault monster count
 F = Vault count percentage of total count
                 A         B        C        D         E       F
            +---------+---------+-------+---------+---------+-------
      Total |   80647 |   38703 |  32.4 |     476 |     195 |  29.1
            +---------+---------+-------+---------+---------+-------
        D:1 |      34 |       0 |   0.0 |      21 |       0 |   0.0
        D:2 |     167 |      37 |  18.1 |      27 |       1 |   3.6
        D:3 |      90 |       0 |   0.0 |      20 |       0 |   0.0
        D:4 |     355 |     219 |  38.2 |      17 |       5 |  22.7
        D:5 |     615 |       0 |   0.0 |       9 |       0 |   0.0
        D:6 |    1565 |    1046 |  40.1 |      17 |       2 |  10.5
        D:7 |    2380 |     264 |  10.0 |      34 |       1 |   2.9
        D:8 |    1324 |    1880 |  58.7 |      30 |      34 |  53.1
        D:9 |    1209 |     745 |  38.1 |      18 |       6 |  25.0
       D:10 |    2760 |    2046 |  42.6 |      34 |      12 |  26.1
       D:11 |    2657 |       0 |   0.0 |      31 |       0 |   0.0
       D:12 |    6024 |     358 |   5.6 |      32 |       6 |  15.8
       D:13 |    7572 |       0 |   0.0 |      22 |       0 |   0.0
       D:14 |    1289 |       0 |   0.0 |       4 |       0 |   0.0
     Lair:1 |    3049 |    2225 |  42.2 |      18 |      11 |  37.9
     Lair:2 |    1880 |    1467 |  43.8 |       9 |      15 |  62.5
     Lair:3 |    3131 |    3489 |  52.7 |      16 |      10 |  38.5
     Lair:4 |    8123 |     807 |   9.0 |      25 |       1 |   3.8
     Lair:5 |    3302 |     793 |  19.4 |      17 |       5 |  22.7
     Lair:6 |    5572 |   18122 |  76.5 |      19 |      42 |  68.9
    Swamp:1 |   15161 |    4974 |  24.7 |      27 |       5 |  15.6
    Swamp:2 |    8565 |       0 |   0.0 |      22 |       0 |   0.0
    Swamp:3 |    3823 |       0 |   0.0 |       7 |       0 |   0.0
    Ossuary |       0 |     231 | 100.0 |       0 |      39 | 100.0
            +---------+---------+-------+---------+---------+-------
